AoeStats
← dadhu

Hideout

507667143Analyzed
1v1 RM · 13d ago on Sep 19, 2026· 49m 34s· 2 players
Game mode
Random Map
Map size
Tiny (2 player)
Population
200
Speed
Normal
Resources
Standard
Victory
Conquest
Starting age
Dark Age
Ending age
Imperial Age
RankedLock teamsTeams togetherTeam positionsShared explorationLock speedFull tech treeHidden civsTurbo modeCheats
Victory
Defeat
🇮🇳 Britons · India
450
+13
🇮🇳 Dravidians · India
374
-13
amazingkabali
13:04 Loom
16:30 Feudal Age
16:57 Horse Collar
21:35 Wheelbarrow
29:03 Town Watch
33:57 Gold Mining
34:02 Stone Mining
34:09 Stone Mining
36:48 Castle Age
37:51 Hand Cart
37:39 Heavy Plow
37:28 Double-Bit Axe
38:25 Bow Saw
38:32 Elite Skirmisher
39:18 Thumb Ring
38:36 Crossbowman
38:45 Man-at-Arms
38:45 Pikeman
39:11 Gambesons
39:27 Squires
39:12 Arson
39:47 Long Swordsman
42:10 Fletching
42:30 Forging
42:20 Scale Mail Armor
42:22 Padded Archer Armor
42:47 Bodkin Arrow
46:42 Imperial Age
44:57 Ballistics
44:49 Fortified Wall
44:49 Masonry
45:55 Iron Casting
45:36 Chain Mail Armor
48:08 Hoardings
dadhu
0:38 Loom
11:26 Feudal Age
12:44 Wheelbarrow
12:01 Double-Bit Axe
12:02 Horse Collar
12:57 Town Watch
13:11 Gold Mining
14:06 Stone Mining
22:23 Castle Age
22:22 Padded Archer Armor
23:16 Town Patrol
23:00 Crossbowman
26:31 Fletching
28:53 Gold Shaft Mining
32:27 Bow Saw
34:07 Heavy Plow
38:59 Imperial Age
36:44 Hand Cart
36:36 Scale Mail Armor
36:52 Leather Archer Armor
38:52 Husbandry
38:31 Pikeman
39:46 Yeomen
40:29 Treadmill Crane
41:52 Chemistry
40:45 Arbalester
41:54 Conscription
43:27 Squires
Connection lost

Rejoining the realm…

Still unreachable

The connection could not be restored.

Session expired

The server has moved on; the page needs a fresh start.